AoeStats
← chpstkx

Arena

509961591Analyzed
2v2 RM · 4d ago on Sep 28, 2026· 24m 29s· 4 players
Game mode
Random Map
Map size
Medium (4 player)
Population
200
Speed
Normal
Resources
Standard
Victory
Conquest
Starting age
Dark Age
Ending age
Imperial Age
RankedLock teamsTeams togetherTeam positionsShared explorationLock speedFull tech treeHidden civsTurbo modeCheats
Victory
Defeat
🇬🇧 Saxons · United Kingdom
1297
+17
🇬🇧 Sicilians · United Kingdom
1237
+19
🇩🇪 Varangians · Germany
1319
-18
🇩🇪 Koreans · Germany
1309
-18
chpstkx
6:10 Loom
Binny Bong Baron
10:51 Feudal Age
10:58 Feudal Age
9:45 Loom
16:01 Castle Age
16:55 Fletching
17:07 Scale Mail Armor
24:45 Bodkin Arrow
BlackLemur
6:13 Loom
8:27 Feudal Age
9:00 Double-Bit Axe
14:42 Town Watch
20:12 Horse Collar
22:19 Fletching
Draal
3:59 Loom
11:03 Feudal Age
Connection lost

Rejoining the realm…

Still unreachable

The connection could not be restored.

Session expired

The server has moved on; the page needs a fresh start.